Map: 16-Bit LE

Players

Gornstar - Winner!

  • Race: Zerg Zerg
  • League: Gold
  • Spawn Location: 1:00

Galactus

  • Race: Protoss Protoss
  • League: Silver
  • Spawn Location: 7:00

VOD

Have the link to the VOD?

Description

Newb trying to defend Zerg rush

Time

  • Played on: July 12, 2018, 9:02 a.m.
  • Length: 6:14
Show
View Real Time Build Order
Export as new Build Order

Gornstar Zerg - Winner!

Build Orders: Hatch First 

Get SALT Encoding   

  12  0:01  Drone  
  13  0:12  Overlord  
  13  0:19  Drone  
  14  0:31  Drone x2  
  16  0:40  Drone  
  17  0:47  Drone  
  18  0:59  Hatchery  
  17  1:15  Spawning Pool  
  17  1:17  Extractor  
  17  1:18  Drone  
  16  1:23  Drone  
  17  1:25  Drone  
  18  1:45  Drone  
  18  1:47  Drone  
  20  1:51  Overlord  
  20  2:07  Zergling x2  
  21  2:17  Evolution Chamber  
  21  2:18  Zergling x4  
  21  2:21  Metabolic Boost  
  22  2:26  Zergling x4  
  24  2:35  Zergling x4  
  26  2:46  Zergling x4  
  28  2:56  Zergling x4  
  30  3:10  Zergling x4  
  32  3:18  Zerg Melee Weapons Level 1  
  32  3:23  Overlord  
  32  3:24  Zergling x2  
  33  3:31  Zergling x4  
  31  3:49  Zergling x8  
  32  4:03  Zergling x4  
  33  4:12  Zergling x4  
  34  4:23  Zergling x4  
  30  4:45  Zergling x6  
  31  4:46  Zergling x2  
  32  4:58  Zergling x4  
  29  5:15  Zergling x8  
  30  5:31  Zergling x2  
  30  5:32  Zergling x2  
  32  5:38  Zergling x4  
Show
View Real Time Build Order
Export as new Build Order

Galactus Protoss 

Build Orders: 1 Gate Expand 

Get SALT Encoding   

  12  0:01  Probe  
  13  0:13  Probe  
  14  0:20  Pylon  
  14  0:28  Probe  
  15  0:40  Probe  
  16  0:47  Gateway  
  16  0:51  Assimilator  
  16  0:52  Probe  
  17  1:04  Probe  
  18  1:16  Probe  
  19  1:28  Nexus  
  19  1:36  Pylon  
  19  1:46  Probe, Cybernetics Core  
  20  1:54  Probe  
  21  2:06  Gateway  
  21  2:15  Stalker  
  21  2:21  Probe  
  22  2:28  Warp Gate  
  24  2:33  Probe  
  25  2:37  Assimilator  
  25  2:41  Probe  
  26  2:45  Probe  
  26  2:48  Stalker  
  29  2:53  Probe  
  29  2:58  Stalker, Probe  
  33  3:10  Probe x2  
  34  3:16  Pylon  
  34  3:22  Probe  
  34  3:24  Adept  
  37  3:29  Shield Battery  
  37  3:30  Probe  
  32  3:58  Adept  
  32  3:59  Adept  
  18  4:19  Adept x2  
  18  4:21  Probe x2  
  19  4:33  Probe x2  
  19  4:38  Zealot x2  
  19  4:45  Probe  
  19  4:46  Probe  
  22  5:02  Probe x2  
  18  5:14  Probe x2  
  19  5:17  Zealot  
  20  5:26  Probe x2  
  21  5:37  Zealot  
  21  5:38  Probe x2  
  25  5:55  Shield Battery  
  23  6:05  Pylon  
Tags
 
Add a new tag
Caveats
  • Supply blocks, unpowered buildings, or Contaminate may cause inaccurate times.
  • Supply counts are checked every 10 seconds.